 Dungeon Crawl Stone Soup version 0.23.0 (webtiles) character file.

Game seed: 2955211218584143028

144 Folque the Digger (level 5, -2/41 HPs)
             Began as a Draconian Earth Elementalist on Feb 9, 2019.
             Slain by an orc wizard
             ... wielding a +0 dagger
              (4 damage)
             ... on level 3 of the Dungeon.
             The game lasted 00:10:20 (2828 turns).

Folque the Digger (Draconian Earth Elementalist)    Turns: 2828, Time: 00:10:21

Health: -2/41      AC:  5    Str: 10    XL:     5   Next: 5%
Magic:  0/10       EV: 12    Int: 16    God:
Gold:   91         SH:  0    Dex: 12    Spells: 0/11 levels left

rFire    . . .     SeeInvis .   e - +0 short sword
rCold    . . .     Gourm    .   (no shield)
rNeg     . . .     Faith    .   (armour unavailable)
rPois    .         Spirit   .   (helmet restricted)
rElec    .         Reflect  .   (no cloak)
rCorr    .         Harm     .   (no gloves)
MR       .....                  (no boots)
Stlth    ++........             (no amulet)
HPRegen  0.13/turn              (no ring)
MPRegen  0.12/turn              (no ring)

@: very slightly contaminated
A: unfitting armour, cold-blooded, AC +5
a: no special abilities


You were on level 3 of the Dungeon.
You were hungry.

You visited 1 branch of the dungeon, and saw 3 of its levels.

You collected 91 gold pieces.

Inventory:

Hand Weapons
 e - a +0 short sword (weapon)
 i - a cursed -1 short sword
Missiles
 b - 82 stones (quivered)
Jewellery
 g - an uncursed ring of fire {unknown}
Scrolls
 d - a scroll of remove curse
 f - 3 scrolls of identify {unknown}
 k - a scroll of immolation {unknown}
 m - a scroll of enchant weapon {unknown}
Potions
 h - a potion of berserk rage {unknown}
 j - a potion of magic {unknown}
 l - a potion of might {unknown}
 n - a potion of flight {unknown}
Comestibles
 a - 4 chunks of flesh
 c - a ration


   Skills:
 - Level 2.0 Fighting
 - Level 1.7 Dodging
 + Level 1.8 Stealth
 * Level 3.7 Spellcasting
 - Level 1.0 Transmutations
 + Level 3.9 Earth Magic


You couldn't memorise any spells.
You knew the following spells:

 Your Spells              Type           Power        Failure   Level  Hunger
a - Sandblast             Erth           ###...       3%          1    None
b - Passwall              Tmut/Erth      ##......     10%         2    ##.....
c - Stone Arrow           Conj/Erth      #.....       22%         3    ###....
d - Lee's Rapid Deconstr  Erth           ###.......   67%         5    ######.

Your spell library contained the following spells:

 Spells                   Type           Power        Failure   Level  Hunger
 Petrify                  Tmut/Erth      ##......     52%         4    ####...


Dungeon Overview and Level Annotations

Branches:
Dungeon (3/15)

Altars:
Fedhas

Annotations:
D:2 Sigmund


Innate Abilities, Weirdness & Mutations

Your plain brown scales are hard. (AC +5)
You cannot fit into any form of body armour.
You are cold-blooded and may be slowed by cold attacks.


Message History

Found a blossoming altar of Fedhas.
Found an escape hatch in the floor and an escape hatch in the ceiling.
You feel less confused.
Casting: Sandblast (safe; 3% risk of failure)
Confirm with . or Enter, or press ? or * to list all spells.
Aiming: Sandblast (safe; 3% risk of failure)
Press: ? - help, Shift-Dir - straight line, f/p - orc wizard
Aim: an orc wizard, wielding a +0 dagger and wearing a +0 robe (moderately wounded)
The blast of sand hits the orc wizard.
The orc wizard is heavily wounded.
b - 82 stones The orc wizard gestures wildly while chanting.
The orc wizard flickers and vanishes!
Deactivating autopickup; reactivate with Ctrl-A.
You miss something.
Your tail-slap misses something.
Something hits you.
* * * LOW HITPOINT WARNING * * *
You hit something. Something hits you but does no damage.
You miss something. Something barely misses you.
You barely miss something. Something hits you.
You die...

#. #.# ≈≈>P_.< #(#
≈≈PP... #.# ≈≈≈♣P.≈ #.#
≈≈≈≈≈≈≈ #.# ≈≈≈≈≈≈≈
####.#### .≈≈≈≈≈≈
........##########...≈≈≈.
.###.##.........@........
#.############{.#####.
#..# #..# ##.# #..# #.#
#... #.# #..## #.# ...#
#.# ##.. #.# ##


There were no monsters in sight!

Vanquished Creatures
  Robin (D:2)
  3 gnolls (D:2)
  3 adders (D:2)
  A worm (D:2)
  4 dart slugs
  6 bats
  4 giant cockroaches
  11 goblins
  11 hobgoblins
  7 jackals
  4 kobolds
  2 frilled lizards (D:2)
  5 rats
62 creatures vanquished.

Notes
Turn   | Place    | Note
-------+----------+-------------------------------------------
     0 | D:1      | Folque the Draconian Earth Elementalist began the quest for
                  | the Orb.
     0 | D:1      | Reached XP level 1. HP: 14/14 MP: 3/3
   155 | D:1      | Reached skill level 1 in Fighting
   225 | D:1      | Reached XP level 2. HP: 20/23 MP: 5/5
   235 | D:1      | Learned a level 2 spell: Passwall
   984 | D:1      | Reached XP level 3. HP: 29/29 MP: 4/6
   994 | D:1      | Learned a level 3 spell: Stone Arrow
  1215 | D:2      | Noticed Robin
  1738 | D:2      | Reached XP level 4. HP: 12/36 MP: 4/8
  1966 | D:2      | Killed Robin
  2578 | D:2      | Reached XP level 5. HP: 31/41 MP: 0/10
  2585 | D:2      | Learned a level 5 spell: Lee's Rapid Deconstruction
  2727 | D:2      | Noticed Sigmund
  2822 | D:3      | Found a blossoming altar of Fedhas.
  2822 | D:3      | HP: 2/41 [orc wizard/puff of flame (10)]
  2828 | D:3      | Slain by an orc wizard

Skill      XL: |  1  2  3 |
---------------+----------+-----
Fighting       | 1 2 |  2.0
Spellcasting   | 3 |  3.7
Dodging        | |  1.7
Stealth        | |  1.8
Transmutations | |  1.0
Earth Magic    | |  3.9

Action                   |  1- 3 |  4- 6 || total
-------------------------+-------+-------++-------
Melee: Short sword       |   153 |    83 ||   236
       Tailslap          |    10 |     9 ||    19
 Cast: Sandblast         |     6 |    13 ||    19
       Stone Arrow       |     3 |    10 ||    13
  Use: Scroll            |     3 |     1 ||     4
 Stab: Sleeping          |     3 |     1 ||     4
  Eat: Chunk             |     3 |     4 ||     7
Armor: Skin              |    50 |    21 ||    71
Dodge: Dodged            |    91 |    63 ||   154
